 Dungeon Crawl Stone Soup version 0.30-a0-715-gdb4ae3ece1 (webtiles) character file.

Game seed: 3788212109319455563

247 Absynth the Insei (level 6, -1/38 HPs)
             Began as an Octopode Transmuter on Jan 24, 2023.
             Slain by an ice beast (7 damage)
             ... on level 4 of the Dungeon.
             The game lasted 00:09:17 (3726 turns).

Absynth the Insei (Octopode Transmuter)             Turns: 3726, Time: 00:09:18

Health: -1/38      AC:  2    Str:  9    XL:     6   Next: 11%
Magic:  5/9        EV: 19    Int: 18    God:
Gold:   252        SH:  5    Dex: 17    Spells: 3/9 levels left

rFire   . . .      SeeInvis +      - Unarmed
rCold   . . .      Faith    .    (shield currently unavailable)
rNeg    . . .      Spirit   .    (helmet currently unavailable)
rPois   x          Reflect  +    q - amulet of reflection
rElec   .          Harm     .    p - ring of see invisible
rCorr   .          Rampage  .    (no ring)
Will    .....                    (no ring)
Stlth   ++                       (no ring)
HPRegen 0.26/turn                (no ring)
MPRegen 0.11/turn                (no ring)
                                 (no ring)
                                 (no ring)

@: spider-form (expiring)
A: venomous fangs, almost no armour, (amphibious), 8 rings, tiny, (camouflage
1), (gelatinous body 1), (nimble swimmer 1), (tentacles)
a: End Transformation


You were on level 4 of the Dungeon.
You were a venomous arachnid creature.
You visited 1 branch of the dungeon, and saw 5 of its levels.

You collected 252 gold pieces.

Inventory:

Missiles
 l - 8 poisoned darts
Jewellery
 g - a ring of fire
 j - a ring of fire
 p - a ring of see invisible (left front pincers)
 q - an amulet of reflection (around neck)
Scrolls
 c - a scroll of teleportation {unknown}
 e - 5 scrolls of identify {unknown}
 h - a scroll of brand weapon {unknown}
 k - a scroll of acquirement {unknown}
Potions
 a - 3 potions of lignification
 b - 2 potions of magic {unknown}
 d - a potion of cancellation {unknown}
 f - a potion of heal wounds {unknown}
 i - 5 potions of curing {unknown}
 m - a potion of attraction {unknown}
 n - a potion of degeneration {unknown}
 o - 3 potions of flight {unknown}
 r - a potion of invisibility {unknown}
 s - a potion of berserk rage {unknown}


   Skills:
 - Level 1.0 Fighting
 - Level 2.0 Dodging
 * Level 5.7 Unarmed Combat
 - Level 2.0 Spellcasting
 + Level 3.8 Transmutations


You had 3 spell levels left.
You knew the following spells:

 Your Spells              Type           Power      Damage    Failure   Level
a - Beastly Appendage     Tmut           30%        N/A       12%         1
s - Spider Form           Tmut/Pois      8%         N/A       45%         3
w - Wereblood             Tmut           15%        N/A       16%         2

Your spell library contained the following spells:

 Spells                   Type           Power      Damage    Failure   Level
 Inner Flame              Hex/Fire       1%         N/A       69%         3
 Tukima's Dance           Hex            1%         N/A       69%         3
 Ice Form                 Ice/Tmut       8%         N/A       82%         4
 Cause Fear               Hex            0%         N/A       96%         4
 Passage of Golubria      Tloc           1%         N/A       96%         4
 Yara's Violent Unravell  Hex/Tmut       4%         3d4       98%         5
 Discord                  Hex            0%         N/A       100%        8


Dungeon Overview and Level Annotations

Branches:
Dungeon (5/15)
 Temple: D:4-7

Altars:
The Shining One

Annotations:
D:4 Ijyb


Innate Abilities, Weirdness & Mutations

You are a venomous arachnid creature.
You have venomous fangs.
You are tiny and dextrous.
Your spellcasting is less reliable in this form.
Your armour is entirely melded.
You are incapable of wielding weapons or throwing items.
You cannot wear most types of armour.
((You are amphibious.))
You can wear up to eight rings at the same time.
((Your skin changes colour to match your surroundings (Stealth+).))
((Your rubbery body absorbs attacks. (AC +1, EV +1)))
((You are camouflaged when in or above water. (Stealth+)))
((You have tentacles for arms and can constrict up to eight enemies at once.))


Message History

You kill the hound!
Ijyb completely misses you.
You have reached level 6!
You hit Ijyb but do no damage.
Ijyb looks as sick as possible!
Ijyb is moderately wounded.
Ijyb completely misses you.
You hit Ijyb.
Ijyb is moderately wounded.
Ijyb hits you but does no damage.
You barely miss Ijyb.
Ijyb is moderately wounded.
Ijyb hits you with a +0 dagger.
Your transformation has ended.
You see here a white potion.
You tentacle-slap Ijyb but do no damage.
You grab Ijyb. You squeeze Ijyb, but do no damage.
Ijyb is severely wounded.
You constrict Ijyb, but do no damage. Ijyb barely misses you.
You tentacle-slap Ijyb but do no damage.
You squeeze Ijyb.
Ijyb is severely wounded.
You constrict Ijyb, but do no damage. The ice beast hits you.
The ice beast freezes you!
* * * LOW HITPOINT WARNING * * *
Ijyb barely misses you.
You release your grip on Ijyb.
Ijyb hits you with a +0 dagger.
* * * LOW HITPOINT WARNING * * *
Casting: Spider Form (quite dangerous; 24% risk of failure)
Confirm with . or Enter, or press ? or * to list all spells.
The spell is quite dangerous to miscast (24% risk of failure)!
Continue anyway?
Uppercase [Y]es or [N]o only, please.
The spell is quite dangerous to miscast (24% risk of failure)!
Continue anyway?
You turn into a venomous arachnid creature.
Your transformation is almost over.
The ice beast closely misses you. Ijyb misses you.
Ijyb attacks as you move away! You block Ijyb's attack.
The ice beast attacks as you move away! The ice beast hits you.
* * * LOW HITPOINT WARNING * * *
The ice beast freezes you!
You die...

#....###...#.#.#.#.#.#.#.#.#.
#....†.:....#.#.#.#.#.#.#.#.#
#..........#.#.#.#.#.#.#.#.#.
#####.....#.#.#.#.#.#.#.#.#.#
#....!##.#.#.#.#.#.#.#.#.
#########.##.#.#.#.#.#.#.#.#.#
#.........###.#.#.#.#.#.#.#.#.
#.........g.Y#.#.#.#.#.#.#.#.#
#........####s#.#(#.#[#.#.#[#.
#........>.#.#.#.#.#.#.#.#.#.#
#........#.##.#.#.#.#.#.#.#.#.
......##.....#.#.#.#.#.#[#.#.#
#P#### #....#.#.#.#.#.#.#.#.#.
#.....#.#.#.#.#.#.#.#.#
#....#.#.#.#.#^#.#.#.#.
#.....#.#.#.#.#.#.#.#.#
#######....#.#.#.#.#.#.#.#.#.


You could see an ice beast and Ijyb (very poisoned).

Vanquished Creatures
  A hound (D:4)
  2 iguanas (D:4)
  4 gnolls
  3 adders
  3 worms (D:2)
  2 dart slugs (D:1)
  5 orcs
  9 ball pythons
  7 endoplasms
  4 giant cockroaches
  7 goblins
  7 hobgoblins
  5 quokkas
  9 bats
  5 frilled lizards
  4 kobolds
  7 rats
84 creatures vanquished.

Vanquished Creatures (others)
  A plant (D:4)
1 creature vanquished.

Grand Total: 85 creatures vanquished

Notes
Turn   | Place    | Note
-------+----------+-------------------------------------------
     0 | D:1      | Absynth the Octopode Transmuter began the quest for the
                  | Orb.
     0 | D:1      | Reached XP level 1. HP: 13/13 MP: 3/3
   206 | D:1      | Reached XP level 2. HP: 12/18 MP: 5/5
   213 | D:1      | Learned a level 2 spell: Wereblood
   553 | D:1      | Reached XP level 3. HP: 21/23 MP: 6/6
   947 | D:1      | Reached skill level 4 in Unarmed Combat
  1443 | D:2      | Reached XP level 4. HP: 6/28 MP: 5/7
  1557 | D:2      | Learned a level 3 spell: Spider Form
  2465 | D:3      | Reached XP level 5. HP: 28/33 MP: 4/8
  2473 | D:3      | Reached skill level 5 in Unarmed Combat
  2869 | D:3      | Found a glowing golden altar of the Shining One.
  3261 | D:4      | You fall into a shaft and drop 1 floor!
  3261 | D:5      | Entered Level 5 of the Dungeon
  3381 | D:4      | Noticed an ice beast
  3626 | D:4      | Identified the +0 sling of Growth {heavy, rPois}
  3650 | D:4      | Noticed Ijyb
  3711 | D:4      | Reached XP level 6. HP: 33/38 MP: 6/9
  3726 | D:4      | Slain by an ice beast

Illustrated notes

Levels and vault maps discovered:
D:1:      dpeg_arrival_subterranean_lakeside_camping, layout_loops_corners
D:2:      layout_basic
D:3:      layout_basic, mainiacjoe_overflow_cross_hatched,
          kennysheep_generic_room_15
D:4:      layout_basic, minmay_temple_entry_gardened_gates, uniq_ijyb
D:5:      layout_loops_cross, mainiacjoe_overflow_boulevard

Skill      XL: |  1  2  3  4  5 |
---------------+----------------+-----
Unarmed Combat | 4 5 |  5.7
Transmutations | 3 |  3.8
Fighting       | |  1.0
Dodging        | |  2.0
Spellcasting   | |  2.0

Action                     |  1- 3 |  4- 6 || total
---------------------------+-------+-------++-------
  Melee: Unarmed           |    85 |   111 ||   196
         Constrict         |    25 |    25 ||    50
         Kick              |    17 |     8 ||    25
         Tentacles         |     9 |    15 ||    24
         Punch             |     3 |       ||     3
   Cast: Beastly Appendage |     8 |     8 ||    16
         Spider Form       |       |     4 ||     4
         Wereblood         |       |     1 ||     1
   Stab: Sleeping          |     8 |     6 ||    14
         Distracted        |     1 |       ||     1
 Armour: Skin              |     2 |    10 ||    12
  Dodge: Dodged            |    43 |    72 ||   115
  Block: Other             |       |     3 ||     3

Table legend: (Time is in decaauts)
 A = Elapsed time spent in this place.
 B = Non-inter-level travel time spent in this place.
 C = Inter-level travel time spent in this place.
 D = Time resting spent in this place.
 E = Time spent auto-exploring this place.
 F = Levels seen in this place.
 G = Mean time per level.
                   A        B        C        D        E       F      G
               +--------+--------+--------+--------+--------+-----+--------+
         Total |   3708 |   3637 |     71 |    593 |   2307 |   5 |  741.6 |
       Dungeon |   3708 |   3637 |     71 |    593 |   2307 |   5 |  741.6 |
               +--------+--------+--------+--------+--------+-----+--------+

Top non-repeatable levels by time:
     D:2: 1169 daAuts
     D:1: 1111 daAuts
     D:3: 921 daAuts
     D:4: 502 daAuts
     D:5: 4 daAuts
